 Dungeon Crawl Stone Soup version 0.30-a0-777-ga9a30cbeda (webtiles) character file.

Game seed: 16019856011504270000

295 kingofthe the Conjurer (level 6, -1/36 HPs)
             Began as an Octopode Conjurer on Feb 14, 2023.
             Slain by an orc priest
             ... wielding a +0 club
              (6 damage)
             ... on level 4 of the Dungeon.
             The game lasted 00:05:57 (3799 turns).

kingofthe the Conjurer (Octopode Conjurer)          Turns: 3799, Time: 00:05:58

Health: -1/36      AC:  1    Str:  6    XL:     6   Next: 34%
Magic:  1/11       EV: 14    Int: 21    God:
Gold:   197        SH:  0    Dex: 12    Spells: 9/12 levels left

rFire   . . .      SeeInvis .    d - +0 dagger (elec)
rCold   . . .      Faith    .    (no shield)
rNeg    . . .      Spirit   .    (helmet restricted)
rPois   +          Reflect  .    (no amulet)
rElec   .          Harm     .    o - ring of poison resistance
rCorr   .          Rampage  .    (no ring)
Will    .....                    (no ring)
Stlth   ++++                     (no ring)
HPRegen 0.26/turn                (no ring)
MPRegen 0.12/turn                (no ring)
                                 (no ring)
                                 (no ring)

@: no status effects
A: almost no armour, amphibious, 8 rings, camouflage 1, gelatinous body 1,
(nimble swimmer 1), tentacles
a: no special abilities


You were on level 4 of the Dungeon.
You visited 1 branch of the dungeon, and saw 4 of its levels.

You collected 197 gold pieces.

Inventory:

Hand Weapons
 d - a +0 dagger of electrocution (weapon)
 p - a +2 dagger of holy wrath
 w - a +1 dagger of freezing
Missiles
 r - a throwing net
Jewellery
 o - a ring of poison resistance (left tentacle)
Wands
 y - a wand of polymorph (4)
Scrolls
 c - 2 scrolls of blinking {unknown}
 g - 2 scrolls of enchant armour {unknown}
 h - 2 scrolls of poison {unknown}
 i - a scroll of enchant weapon {unknown}
 k - a scroll of vulnerability {unknown}
 l - a scroll of magic mapping {unknown}
 m - a scroll of amnesia {unknown}
 n - 3 scrolls of butterflies {unknown}
 s - 2 scrolls of identify {unknown}
 t - a scroll of torment {unknown}
Potions
 a - 2 potions of magic
 b - a potion of heal wounds {unknown}
 e - a potion of haste {unknown}
 f - a potion of attraction {unknown}
 j - a potion of berserk rage {unknown}
 q - 4 potions of might {unknown}
 u - a potion of curing {unknown}
 v - a potion of degeneration {unknown}
 x - a potion of resistance {unknown}


   Skills:
 * Level 3.6 Dodging
 + Level 4.4 Stealth
 * Level 3.7 Spellcasting
 * Level 5.0 Conjurations


You had 9 spell levels left.
You knew the following spells:

 Your Spells              Type           Power      Damage    Failure   Level
a - Magic Dart            Conj           100%       1d8       1%          1
b - Searing Ray           Conj           50%        2d6       2%          2

Your spell library contained the following spells:

 Spells                   Type           Power      Damage    Failure   Level
 Dazzling Flash           Conj/Hex       28%        N/A       13%         3
 Cigotuvi's Dreadful Rot  Necr/Pois/Air  6%         N/A       19%         2
 Gell's Gravitas          Tloc           3%         N/A       36%         3
 Teleport Other           Tloc           3%         N/A       36%         3
 Fulminant Prism          Conj/Hex       7%         3d7       41%         4
 Iskenderun's Mystic Bla  Conj/Tloc      14%        2d5       41%         4
 Dispel Undead            Necr           3%         3d7       77%         4
 Death Channel            Necr           1%         N/A       100%        6
 Dispersal                Tloc           1%         N/A       100%        6


Dungeon Overview and Level Annotations

Branches:
Dungeon (4/15)
 Temple: D:4-7

Altars:
The Shining One

Shops:
D:2 :

Annotations:
D:4 3 runed translucent doors


Innate Abilities, Weirdness & Mutations

You cannot wear most types of armour.
You are amphibious.
You can wear up to eight rings at the same time.
Your skin changes colour to match your surroundings (Stealth+).
Your rubbery body absorbs attacks. (AC +1, EV +1)
((You are camouflaged when in or above water. (Stealth+)))
You have tentacles for arms and can constrict up to eight enemies at once.


Message History

The searing ray hits the orc priest.
The orc priest is severely wounded.
The searing ray hits the orc.
The orc is severely wounded.
The orc priest hits you with a +0 mace.
* * * LOW HITPOINT WARNING * * *
The searing ray hits the orc priest!
You kill the orc priest!
The searing ray hits the orc.
The orc is almost dead.
The searing ray hits the orc priest.
The orc priest is moderately wounded.
You finish channelling your searing ray.
Casting: Searing Ray (safe; 2% risk of failure)
Confirm with . or Enter, or press ? or * to list all spells.
Aiming: Searing Ray (safe; 2% risk of failure)
Press: ? - help, Shift-Dir - straight line The searing ray hits the orc.
You kill the orc!
The searing ray hits the orc priest.
The orc priest is moderately wounded. (Press . to maintain the ray.) Without enough magic to sustain it, your searing ray dissipates.
The orc priest closely misses you.
Casting: Searing Ray (safe; 2% risk of failure)
Confirm with . or Enter, or press ? or * to list all spells.
You don't have enough magic to cast this spell.
You closely miss the orc priest. You grab the orc priest.
The orc priest is moderately wounded.
You constrict the orc priest. The orc priest barely misses you.
You hit the orc priest but do no damage.
The orc priest is heavily wounded.
You constrict the orc priest, but do no damage.
The orc priest hits you with a +0 club.
* * * LOW HITPOINT WARNING * * *
You barely miss the orc priest. You squeeze the orc priest.
The orc priest is almost dead.
You constrict the orc priest, but do no damage.
The orc priest hits you with a +0 club.
You die...

...(. .# (....♣ ..
#+++## .# ......##.
.......o. #......# ##
####...#############
..
#.....).o@.........#
# #
...##.#############.#
..# .o #.#####.. #..
##........ #.
#....####. # #....#
### #....# #.. #....#
#.. #....# #..


You could see an orc priest.

Vanquished Creatures
  Pargi (D:3)
  An orc priest (D:4)
  Natasha (thrice) (D:2)
  3 adders
  2 dart slugs
  3 orcs
  7 endoplasms
  A giant cockroach (D:1)
  7 goblins
  6 hobgoblins
  6 jackals
  4 quokkas
  6 ball pythons
  4 bats
  4 frilled lizards
  2 kobolds
  4 rats
64 creatures vanquished.

Notes
Turn   | Place    | Note
-------+----------+-------------------------------------------
     0 | D:1      | kingofthe the Octopode Conjurer began the quest for the
                  | Orb.
     0 | D:1      | Reached XP level 1. HP: 11/11 MP: 3/3
   242 | D:1      | Reached XP level 2. HP: 17/17 MP: 1/5
   245 | D:1      | Learned a level 2 spell: Searing Ray
   946 | D:1      | Reached XP level 3. HP: 21/21 MP: 2/6
  1543 | D:2      | Found a glowing golden altar of the Shining One.
  1627 | D:2      | Noticed Natasha
  1630 | D:2      | Killed Natasha
  1631 | D:2      | Reached XP level 4. HP: 17/27 MP: 3/8
  1673 | D:2      | Found Azxaucwa's Book Shoppe.
  1720 | D:2      | Found a faded altar of an unknown god.
  2001 | D:2      | Noticed Natasha
  2004 | D:2      | Killed Natasha
  2138 | D:2      | Found Azxaucwa's Book Shoppe.
  2169 | D:2      | Noticed Natasha
  2177 | D:2      | Killed Natasha
  2178 | D:2      | Reached XP level 5. HP: 14/31 MP: 3/9
  2242 | D:2      | Found a faded altar of an unknown god.
  2584 | D:2      | Found a glowing golden altar of the Shining One.
  2662 | D:3      | Noticed Pargi
  2669 | D:3      | Killed Pargi
  2849 | D:3      | Reached XP level 6. HP: 36/36 MP: 8/11
  3285 | D:3      | Reached skill level 5 in Conjurations
  3781 | D:4      | Found a runed translucent gate.
  3781 | D:4      | Found a runed translucent gate.
  3782 | D:4      | Found a runed translucent gate.
  3799 | D:4      | Slain by an orc priest

Illustrated notes

Levels and vault maps discovered:
D:1:      onia_arrival_mini_maze_b, layout_basic, serial_glass, glass_columns_a,
          glass_columns_a, minivault_23, minmay_tetromino_i4
D:2:      layout_basic, shapermc_ecumenical_altar_venn, serial_shops,
          nicolae_shop_stone, basic_altar, uniq_natasha
D:3:      minmay_diamond_boxcup, layout_loops_ring, uniq_pargi
D:4:      layout_basic, trog_butcher_becter, ebering_ghost_rock_garden,
          grunt_decor_cap

Skill      XL: |  1  2  3  4  5  6 |
---------------+-------------------+-----
Stealth        | 3 4 |  4.4
Spellcasting   | 3 |  3.7
Dodging        | 3 |  3.6
Conjurations   | 5 |  5.0

Action                     |  1- 3 |  4- 6 || total
---------------------------+-------+-------++-------
  Melee: Dagger            |     5 |     3 ||     8
         Constrict         |     1 |     1 ||     2
         Tentacles         |     1 |     1 ||     2
   Cast: Magic Dart        |    61 |    33 ||    94
         Searing Ray       |     2 |    11 ||    13
 Armour: Skin              |     1 |       ||     1
  Dodge: Dodged            |     4 |     7 ||    11

Table legend: (Time is in decaauts)
 A = Elapsed time spent in this place.
 B = Non-inter-level travel time spent in this place.
 C = Inter-level travel time spent in this place.
 D = Time resting spent in this place.
 E = Time spent auto-exploring this place.
 F = Levels seen in this place.
 G = Mean time per level.
                   A        B        C        D        E       F      G
               +--------+--------+--------+--------+--------+-----+--------+
         Total |   3813 |   3740 |     73 |    322 |   3118 |   4 |  953.2 |
       Dungeon |   3813 |   3740 |     73 |    322 |   3118 |   4 |  953.2 |
               +--------+--------+--------+--------+--------+-----+--------+

Top non-repeatable levels by time:
     D:2: 1648 daAuts
     D:1: 1105 daAuts
     D:3: 847 daAuts
     D:4: 211 daAuts
